 Dungeon Crawl Stone Soup version 0.31-a0-174-g85c54bcb58 (webtiles) character file.

Game seed: 8200243616063249488

102 qw the Shooter (level 4, 0/28 HPs)
             Began as a Gargoyle Hunter on June 15, 2023.
             Slain by an orc
             ... wielding a +2 falchion of protection
              (3 damage)
             ... on level 3 of the Dungeon.
             The game lasted 00:00:35 (1626 turns).

qw the Shooter (Gargoyle Hunter)                    Turns: 1626, Time: 00:00:35

Health: 0/28       AC:  6    Str: 14    XL:     4   Next: 77%
Magic:  4/4        EV: 11    Int: 10    God:
Gold:   184        SH:  0    Dex: 15    Spells: 3/3 levels left

rFire   . . .        Y - +0 shortbow (flame)
rCold   . . .        (shield currently unavailable)
rNeg    + . .        c - +0 leather armour
rPois   inf          (no helmet)
rElec   +            (no cloak)
rCorr   .            (no gloves)
SInv    .            (no boots)
Will    .....        (no amulet)
Stlth   ++           (no ring)
HPRegen 0.24/turn    (no ring)
MPRegen 0.09/turn

%: no passive effects
@: no status effects
A: sickness immunity, AC +3, negative energy resistance 1, electricity
resistance, torment resistance 1, petrification resistance
a: no special abilities


You were on level 3 of the Dungeon.
You visited 1 branch of the dungeon, and saw 3 of its levels.

You collected 184 gold pieces.


Innate Abilities, Weirdness & Mutations

You are immune to sickness and miasma.
Your stone body is resilient. (AC +3)
You are immune to poison.
You resist negative energy. (rN+)
You are resistant to electric shocks. (rElec)
You are resistant to unholy torment.
You are immune to petrification.


   Skills:
 - Level 3.2 Fighting
 + Level 5.5 Ranged Weapons
 - Level 1.5 Dodging
 - Level 1.1 Stealth


You had 3 spell levels left.
You didn't know any spells.
Your spell library was empty.

Inventory:

Hand Weapons
 Y - a +0 shortbow of flaming (weapon)
Armour
 a - a +0 ring mail
 c - a +0 leather armour (worn)
Scrolls
 b - 2 scrolls of identify
Potions
 g - a potion of might

Dungeon Overview and Level Annotations

Branches:
Dungeon (3/15)

Altars:


Message History

You touch Terence but do no damage.
Terence is severely wounded.
Terence misses you. The endoplasm completely misses you.
The orc barely misses you. Terence hits you but does no damage.
You touch Terence but do no damage.
Terence is severely wounded.
The orc misses you. The endoplasm barely misses you.
Terence closely misses you.
You touch Terence.
Terence is almost dead.
The orc completely misses you. The endoplasm misses you.
Terence completely misses you.
You barely miss Terence.
Terence is almost dead.
Terence hits you with a +2 short sword of speed.
The orc closely misses you. The endoplasm barely misses you.
Terence hits you but does no damage.
You touch Terence but do no damage.
Terence is almost dead.
The orc hits you with a +2 falchion of protection.
The endoplasm freezes you.
You are frozen.
You resist. Terence hits you but does no damage.
You barely miss Terence.
Terence is almost dead.
You condense into your normal self.
Your +0 shortbow of flaming unmelds from your body.
Your +0 leather armour unmelds from your body.
Your +0 shortbow of flaming bursts into flame!
Terence hits you with a +2 short sword of speed.
The orc barely misses you. The endoplasm barely misses you.
Terence hits you with a +2 short sword of speed.
You shoot an arrow.
The arrow hits Terence but does no damage.
Terence is severely wounded.
The orc barely misses you. The endoplasm freezes you.
You are frozen.
Terence zaps a wand.
You resist with some effort.
You shoot an arrow. The arrow hits Terence.
The arrow burns Terence.
You kill Terence!
The orc hits you with a +2 falchion of protection.
You die...

.. ##).#####
#..## #
####.## ..
##....# #..#
#..#.##
#...###....#
###......####
#......J##
..#.##.o@# #
#.)..# #.##.#
... .. ###.
<.. #. #..>
#. .... ##.#.


You could see an orc and an endoplasm.

Vanquished Creatures
  Terence (D:3)
  7 adders
  A worm (D:2)
  A dart slug (D:2)
  3 endoplasms (D:2)
  3 giant cockroaches
  2 goblins
  2 hobgoblins
  4 kobolds
  5 ball pythons
  2 bats (D:1)
  3 frilled lizards
  5 rats
39 creatures vanquished.

Notes
Turn   | Place    | Note
-------+----------+-------------------------------------------
     0 | D:1      | qw the Gargoyle Hunter began the quest for the Orb.
     0 | D:1      | Reached XP level 1. HP: 12/12 MP: 1/1
     0 | D:1      | 0 ||| qw: Version: 0.2-a-29-g511e9b1
     0 | D:1      | 0 ||| qw: Game counter: 5598
     0 | D:1      | 0 ||| qw: Always use a shield: true
     0 | D:1      | 0 ||| qw: God list: Okawaru
     0 | D:1      | 0 ||| qw: Allow faded altars: false
     0 | D:1      | 0 ||| qw: Do Orc after D:15 true
     0 | D:1      | 0 ||| qw: Do second Lair branch before Depths: true
     0 | D:1      | 0 ||| qw: Lair rune preference: random
     0 | D:1      | 0 ||| qw: Plans: Normal, Zot:1-4, Slime:5, God:TSO, Crypt,
                  | Tomb, Abyss, Pan, Hells, Win
     0 | D:1      | 0 ||| PLANNING D:1-11
   246 | D:1      | Reached XP level 2. HP: 15/17 MP: 2/2
   838 | D:1      | 838 ||| DROPPING ring of flight.
   846 | D:1      | 846 ||| READING scroll labelled OPOSMA BIUH.
   868 | D:1      | 868 ||| READING scroll labelled ERRYSE ETTAI.
   869 | D:1      | 869 ||| READING scroll labelled NOPIGELOUG.
   873 | D:1      | 873 ||| DROPPING scroll of butterflies.
   893 | D:2      | Reached XP level 3. HP: 21/21 MP: 3/3
   947 | D:2      | Found a faded altar of an unknown god.
  1067 | D:2      | Reached skill level 5 in Ranged Weapons
  1138 | D:2      | Reached skill level 3 in Fighting
  1138 | D:2      | Reached XP level 4. HP: 28/28 MP: 4/4
  1487 | D:2      | 1487 ||| READING 3 scrolls labelled TOIW PEODI.
  1488 | D:2      | 1488 ||| READING 3 scrolls labelled ANOIH KOROSCH.
  1489 | D:2      | 1489 ||| DRINKING 2 glowing purple potions.
  1490 | D:2      | 1490 ||| DROPPING 2 scrolls of poison.
  1600 | D:3      | Noticed Terence
  1624 | D:3      | HP: 5/28 [Terence/+2 short sword of speed (3)]
  1625 | D:3      | HP: 2/28 [frozen (1)]
  1626 | D:3      | Killed Terence
  1626 | D:3      | Slain by an orc

Levels and vault maps discovered:
D:1:      lightli_molten_gateway, layout_loops_corners, minmay_tall_x
D:2:      kennysheep_six_static_rooms, layout_basic,
          hellmonk_ecumenical_altar_inner_sanctum
D:3:      layout_rooms, mainiacjoe_overflow_tiny_flanked, uniq_terence

Skill      XL: |  1  2  3 |
---------------+----------+-----
Ranged Weapons | 5 |  5.5
Fighting       | 3 |  3.2
Dodging        | |  1.5
Stealth        | |  1.1

Action                     |  1- 3 |  4- 6 || total
---------------------------+-------+-------++-------
  Melee: Unarmed           |       |    21 ||    21
   Fire: Shortbow          |    54 |    51 ||   105
    Use: Scroll            |     3 |     2 ||     5
         Potion            |       |     1 ||     1
 Armour: Leather armour    |     1 |    12 ||    13
         Skin              |       |     8 ||     8
  Dodge: Dodged            |     5 |    51 ||    56

Table legend:
 A = Non-vault XP
 B = Vault XP
 C = Vault XP percentage of total XP
 D = Non-vault monster count
 E = Vault monster count
 F = Vault count percentage of total count
                 A         B        C        D         E       F
            +---------+---------+-------+---------+---------+-------
      Total |     117 |      65 |  35.7 |      28 |      11 |  28.2
            +---------+---------+-------+---------+---------+-------
        D:1 |      17 |       4 |  19.0 |      11 |       4 |  26.7
        D:2 |      69 |      25 |  26.6 |      13 |       6 |  31.6
        D:3 |      31 |      36 |  53.7 |       4 |       1 |  20.0
            +---------+---------+-------+---------+---------+-------
